 Dungeon Crawl Stone Soup version 0.31-a0-1343-gcd514f47d3 (webtiles) character file.

Game seed: 3196316615114897751

84 Majang the Ruffian (level 4, 0/54 HPs)
             Began as a Draconian Shapeshifter on Dec 22, 2023.
             Succumbed to a gnoll's poison
             ... on level 2 of the Dungeon.
             The game lasted 00:07:02 (1066 turns).

Majang the Ruffian (Draconian Shapeshifter)         Turns: 1066, Time: 00:07:03

Health: 0/54       AC: 22    Str: 25    XL:     4   Next: 24%
Magic:  4/4        EV:  2    Int: 10    God:
Gold:   39         SH:  0    Dex: 10    Spells: 3/3 levels left

rFire   . .          .
                       - Unarmed
rCold   . . .        (no shield)
rNeg    . . .        (body armour unavailable)
rPois   +            (helmet currently unavailable)
rElec   .            (cloak currently unavailable)
rCorr   .            (gloves currently unavailable)
SInv    .            (boots currently unavailable)
Will    .....        (no amulet)
Stlth   +            j - +6 ring of strength
HPRegen 0.29/turn    (no ring)
MPRegen 0.09/turn

%: no passive effects
@: lethally poisoned (0 -> -16), tree-form
A: stationary, stasis, torment immunity, boosted hp, AC +5, unfitting armour,
(cold-blooded)
a: no special abilities


You were on level 2 of the Dungeon.
You were a tree.
You visited 1 branch of the dungeon, and saw 2 of its levels.

You collected 39 gold pieces.

Inventory:

Jewellery
 j - a +6 ring of strength (left branch)
Talismans
 b - a beast talisman
 c - a flux talisman
Scrolls
 d - a scroll of teleportation {unknown}
 e - a scroll of revelation {unknown}
 f - a scroll of fear {unknown}
 g - a scroll of silence {unknown}
 h - 2 scrolls of identify {unknown}
 k - a scroll of amnesia {unknown}
 l - a scroll of fog {unknown}
 n - a scroll of brand weapon {unknown}
 o - a scroll of enchant armour {unknown}
Potions
 a - 2 potions of lignification
 i - 2 potions of might {unknown}
 m - 2 potions of heal wounds {unknown}


   Skills:
 + Level 2.1 Fighting
 - Level 1.7 Dodging
 * Level 4.0 Unarmed Combat
 * Level 3.8 Shapeshifting


You had 3 spell levels left.
You didn't know any spells.
Your spell library was empty.

Dungeon Overview and Level Annotations

Branches:
Dungeon (2/15)

Altars:


Innate Abilities, Weirdness & Mutations

You are a tree.
Your roots penetrate the ground, keeping you stationary.
You cannot be teleported.
You are immune to unholy pain and torment.
Your maximum health is greatly increased.
Your equipment is partially melded.
((Your plain brown scales are hard. (AC +5)))
You cannot fit into any form of body armour.
((You are cold-blooded and may be slowed by cold attacks.))


Message History

You kill the adder!
Your Unarmed Combat skill increases to level 4!
You start resting.
HP restored.
You see here an adder corpse.
An endoplasm comes into view.
The endoplasm quivers.
The endoplasm misses you.
You punch the endoplasm!
You kill the endoplasm!
You open the door.
Found an escape hatch in the floor.
There is an open door here.
The gnoll shouts!
The gnoll hits you from afar with a +2 spear of venom.
You are poisoned.
You feel very sick.
The gnoll hits you with a +2 spear of venom.
You are more poisoned.
You punch the gnoll!
The gnoll is heavily wounded.
You feel very sick.
The gnoll hits you with a +2 spear of venom!
You are more poisoned.
Your transformation has ended.
You turn into a tree.
Your roots penetrate the ground.
* * * LOW HITPOINT WARNING * * *
You feel very sick. The gnoll hits you but does no damage.
Unknown command.
You hit the gnoll.
The gnoll is severely wounded.
* * * LOW HITPOINT WARNING * * *
You feel very sick.
The gnoll hits you with a +2 spear of venom.
* * * LOW HITPOINT WARNING * * *
Unknown command.
You hit the gnoll but do no damage.
The gnoll is severely wounded.
You die...

## #+ ###. #.
###.. #.##...#
##
#......####...
#......#......
#.>...........
#.....♣g....#
####'##.....#
#.# .....# #.#
#'#### #.# .#
#.# .# #.# #
#.#
######.####...#


You could see a gnoll.

Vanquished Creatures
  2 gnolls (D:2)
  An adder (D:2)
  A dart slug (D:1)
  4 ball pythons
  2 bats
  10 endoplasms
  2 giant cockroaches
  7 goblins (D:1)
  6 hobgoblins
  2 jackals (D:1)
  3 quokkas
  A kobold (D:1)
  5 rats
46 creatures vanquished.

Notes
Turn   | Place    | Note
-------+----------+-------------------------------------------
     0 | D:1      | Majang the Draconian Shapeshifter began the quest for the
                  | Orb.
     0 | D:1      | Reached XP level 1. HP: 16/16 MP: 1/1
   115 | D:1      | Reached XP level 2. HP: 23/23 MP: 2/2
   322 | D:1      | Reached XP level 3. HP: 29/29 MP: 3/3
   941 | D:2      | Reached XP level 4. HP: 34/36 MP: 4/4
   966 | D:2      | Reached skill level 4 in Unarmed Combat
  1066 | D:2      | Succumbed to a gnoll's poison

Illustrated notes

Levels and vault maps discovered:
D:1:      matt_arrival_los_fun, layout_rooms, fountainhead, serial_park_tiny_2
D:2:      layout_basic, dreamdust_ecumenical_altar_hidden_monk_grotto,
          grunt_ministairs_7, uniq_robin

Skill      XL: |  1  2  3  4 |
---------------+-------------+-----
Fighting       | 2 |  2.1
Unarmed Combat | 4 |  4.0
Dodging        | |  1.7
Shapeshifting  | |  3.8

Action                     |  1- 3 |  4- 6 || total
---------------------------+-------+-------++-------
  Melee: Unarmed           |   100 |    10 ||   110
         Tailslap          |    12 |     1 ||    13
         Punch             |     2 |       ||     2
    Use: Potion            |       |     1 ||     1
   Stab: Sleeping          |     2 |       ||     2
 Armour: Skin              |    41 |    10 ||    51
  Dodge: Dodged            |    60 |     3 ||    63

Table legend: (Time is in decaauts)
 A = Elapsed time spent in this place.
 B = Non-inter-level travel time spent in this place.
 C = Inter-level travel time spent in this place.
 D = Time resting spent in this place.
 E = Time spent auto-exploring this place.
 F = Levels seen in this place.
 G = Mean time per level.
                   A        B        C        D        E       F      G
               +--------+--------+--------+--------+--------+-----+--------+
         Total |   1061 |   1061 |      0 |    141 |     18 |   2 |  530.5 |
       Dungeon |   1061 |   1061 |      0 |    141 |     18 |   2 |  530.5 |
               +--------+--------+--------+--------+--------+-----+--------+

Top non-repeatable levels by time:
     D:1: 623 daAuts
     D:2: 437 daAuts
